 Dungeon Crawl Stone Soup version 0.30-a0-190-g22c9a3c0ff (webtiles) character file.

Game seed: 945530283451555131

31 GabrielManson the Sneak (level 3, 0/34 HPs)
             Began as a Naga Delver on Oct 4, 2022.
             Slain by Crazy Yiuf
             ... wielding a +3 quarterstaff of chaos
              (11 damage)
             ... on level 2 of the Dungeon.
             The game lasted 00:10:38 (1783 turns).

GabrielManson the Sneak (Naga Delver)               Turns: 1783, Time: 00:10:38

Health: 0/34       AC:  2    Str: 14    XL:     3   Next: 22%
Magic:  3/3        EV: 14    Int: 10    God:
Gold:   125        SH:  0    Dex: 20    Spells: 2/2 levels left

rFire   . . .      SeeInvis +      - Unarmed
rCold   . . .      Faith    .    (no shield)
rNeg    . . .      Spirit   .    a - +0 leather armour
rPois   +          Reflect  .    (no helmet)
rElec   .          Harm     .    (no cloak)
rCorr   .          Rampage  .    (no gloves)
Will    .....                    (no barding)
Stlth   ++++......               (no amulet)
HPRegen 0.25/turn                d - +6 ring of dexterity
MPRegen 0.08/turn                e - +4 ring of evasion

@: very slow
A: AC +1, large, see invisible, deformed body, poison resistance, slowness 2,
spit poison 1, naga tail 1
a: Spit Poison


You were on level 2 of the Dungeon.
You visited 1 branch of the dungeon, and saw 5 of its levels.

You collected 125 gold pieces.

Inventory:

Armour
 a - a +0 leather armour (worn)
 g - a +0 chain mail
Jewellery
 d - a +6 ring of dexterity (left hand)
 e - a +4 ring of evasion (right hand)
Wands
 f - a wand of digging (3)
Scrolls
 b - 2 scrolls of teleportation {unknown}
 c - a scroll of magic mapping
 h - 3 scrolls of blinking {unknown}
 i - 5 scrolls of identify {unknown}
 l - a scroll of noise {unknown}
 p - a scroll of acquirement {unknown}
 q - a scroll of fear
 r - a scroll of enchant weapon {unknown}
Potions
 k - 2 potions of curing {unknown}
 m - a potion of resistance {unknown}
 n - a potion of flight {unknown}
 o - a potion of heal wounds {unknown}


   Skills:
 + Level 3.4 Fighting
 + Level 2.1 Dodging
 - Level 7.2 Stealth
 * Level 2.6 Unarmed Combat


You had 2 spell levels left.
You didn't know any spells.
Your spell library contained the following spells:

 Spells                   Type           Power      Damage    Failure   Level
 Gell's Gravitas          Tloc           0%         N/A       82%         3
 Lesser Beckoning         Tloc           0%         N/A       82%         3
 Teleport Other           Tloc           0%         N/A       82%         3
 Manifold Assault         Tloc           0%         N/A       99%         4
 Dispersal                Tloc           0%         N/A       100%        6
 Disjunction              Tloc           0%         N/A       100%        8


Dungeon Overview and Level Annotations

Branches:
Dungeon (5/15)
 Temple: D:4-7

Altars:
Yredelemnul

Shops:
D:1 *

Annotations:
D:2 Crazy Yiuf
D:4 Blork the orc


Innate Abilities, Weirdness & Mutations

Your serpentine skin is tough. (AC +1)
You have supernaturally acute eyesight. (SInv)
Armour fits poorly on your strangely shaped body.
Your system is resistant to poisons. (rPois)
You cover ground very slowly.
You can spit poison.
You have a snake-like lower body.


Message History

You hit the giant cockroach.
You kill the giant cockroach!
You see here a giant cockroach corpse.
HP restored.
Found a robe.
You see here a +0 robe.
You see here a +0 robe.
Found a hammer.
Found a runed translucent door.
You open the door.
Crazy Yiuf shouts!
Throw: 2 darts (poison)
Press: ? - help, Shift-Dir - straight line, f - Crazy Yiuf
Aim: Crazy Yiuf, wielding a +3 quarterstaff of chaos and wearing a +0 cloak (66% to hit)
You throw a poisoned dart. The poisoned dart hits Crazy Yiuf.
Throw: dart (poison)
Press: ? - help, Shift-Dir - straight line, f/p - Crazy Yiuf
Aim: Crazy Yiuf, wielding a +3 quarterstaff of chaos and wearing a +0 cloak (66% to hit)
You throw a poisoned dart.
The poisoned dart closely misses Crazy Yiuf.
You hit Crazy Yiuf but do no damage. Crazy Yiuf misses you.
You closely miss Crazy Yiuf. Crazy Yiuf barely misses you.
You barely miss Crazy Yiuf.
Crazy Yiuf hits you with a +3 quarterstaff of chaos.
Crazy Yiuf freezes you.
You barely miss Crazy Yiuf.
Crazy Yiuf cries, "Papa chair shoe!"
Crazy Yiuf closely misses you.
You hit Crazy Yiuf.
Crazy Yiuf is lightly wounded.
Crazy Yiuf yells, "Gum!"
Crazy Yiuf barely misses you.
You hit Crazy Yiuf but do no damage.
Crazy Yiuf is lightly wounded.
Crazy Yiuf grits, "Pitchfork!"
Crazy Yiuf hits you with a +3 quarterstaff of chaos!
* * * LOW HITPOINT WARNING * * *
You barely miss Crazy Yiuf.
Crazy Yiuf is lightly wounded.
Crazy Yiuf hits you with a +3 quarterstaff of chaos!
You die...

..#†## ###.#
..#..###...#
..##†.#..###
.##.....## ..#.....#
..#.....##♣♣♣♣♣
..#.........♣.♣♣♣ ###
.##..........♣..♣#...#
######......♣♣♣♣@g.((#
# ##....♣♣ ♣♣#..)#
####♣♣ ###


You could see Crazy Yiuf.

Vanquished Creatures
  A dart slug (D:1)
  2 orcs
  A bat (D:2)
  2 endoplasms
  3 giant cockroaches
  4 hobgoblins
  3 ball pythons
  3 goblins
  A kobold (D:1)
  4 rats
24 creatures vanquished.

Notes
Turn   | Place    | Note
-------+----------+-------------------------------------------
     0 | D:5      | GabrielManson the Naga Delver began the quest for the Orb.
     0 | D:5      | Reached XP level 1. HP: 21/21 MP: 1/1
    16 | D:5      | Noticed an ice beast
    38 | D:5      | Found a basalt altar of Yredelemnul.
    75 | D:4      | Noticed a necrophage
   252 | D:4      | Noticed Blork the orc
   544 | D:4      | Noticed a jelly
   613 | D:3      | Reached XP level 2. HP: 25/28 MP: 2/2
   866 | D:1      | Found Hudal's General Store.
  1187 | D:1      | Reached XP level 3. HP: 30/34 MP: 3/3
  1484 | D:1      | Found a faded altar of an unknown god.
  1770 | D:2      | Found a runed translucent door.
  1771 | D:2      | Noticed Crazy Yiuf
  1783 | D:2      | Slain by Crazy Yiuf

Illustrated notes

Levels and vault maps discovered:
D:1:      ncdulo_watergridlock, layout_rooms, serial_shops, shop,
          hellmonk_ecumenical_altar_heavens_door, minmay_misc_feat_tiny,
          nicolae_eternal_life, chequers_serial_rivers_small_a
D:2:      layout_rooms, minivault_11, uniq_crazy_yiuf_cottage
D:3:      layout_rooms, nicolae_elevator_lobby_plus, uniq_robin
D:4:      layout_basic, uniq_blork_the_orc, uniq_grinder
D:5:      layout_loops_cross, yredelemnul_forgotten_temple_becter

Skill      XL: |  1  2 |
---------------+-------+-----
Dodging        | 2 |  2.1
Fighting       | |  3.4
Stealth        | |  7.2
Unarmed Combat | |  2.6

Action                   || total
-------------------------++-------
Melee: Unarmed           ||   120
       Punch             ||     1
Throw: Dart              ||     2
  Use: Scroll            ||     2
       Potion            ||     1
 Stab: Sleeping          ||     6
Armor: Leather armour    ||    13
Dodge: Dodged            ||    66

Table legend: (Time is in decaauts)
 A = Elapsed time spent in this place.
 B = Non-inter-level travel time spent in this place.
 C = Inter-level travel time spent in this place.
 D = Time resting spent in this place.
 E = Time spent auto-exploring this place.
 F = Levels seen in this place.
 G = Mean time per level.
                   A        B        C        D        E       F      G
               +--------+--------+--------+--------+--------+-----+--------+
         Total |   2272 |   2236 |     36 |    287 |    644 |   5 |  454.4 |
       Dungeon |   2272 |   2236 |     36 |    287 |    644 |   5 |  454.4 |
               +--------+--------+--------+--------+--------+-----+--------+

Top non-repeatable levels by time:
     D:1: 999 daAuts
     D:4: 624 daAuts
     D:2: 460 daAuts
     D:3: 109 daAuts
     D:5: 79 daAuts
